 Dungeon Crawl Stone Soup version 0.22-a0-136-g83a10e5 (webtiles) character file.

88 KarmaPolice the Sneak (level 4, -2/23 HPs)
             Began as a Vine Stalker Assassin on Feb 2, 2018.
             Splashed by Ijyb's acid (12 damage)
             ... on level 3 of the Dungeon.
             The game lasted 00:03:05 (1862 turns).

KarmaPolice the Sneak (Vine Stalker Assassin)       Turns: 1862, Time: 00:03:06

Health: -2/23      AC: -1    Str: 14    XL:     4   Next: 54%
Magic:  0/5        EV: 11    Int: 11    God:
Gold:   98         SH:  0    Dex: 16    Spells: 3/3 levels left

rFire    . . .     SeeInvis .   a - +2 dagger
rCold    . . .     Gourm    .   (no shield)
rNeg     . . .     Faith    .   c - +0 robe
rPois    .         Spirit   +   (no helmet)
rElec    .         Reflect  .   d - +0 cloak
rCorr    .         Harm     .   (no gloves)
MR       .....                  (no boots)
Stlth    +++.......             (no amulet)
HPRegen  0.47/turn              (no ring)
MPRegen  0.09/turn              (no ring)

@: corroded
A: fangs 2, regeneration 1, magic shield, antimagic bite, no potion heal 3, rot
immunity
a: no special abilities


You were on level 3 of the Dungeon.
You were not hungry.

You visited 1 branch of the dungeon, and saw 3 of its levels.

You collected 98 gold pieces.

Inventory:

Hand Weapons
 a - a +2 dagger (weapon)
 b - a +0 blowgun
Missiles
 e - 8 poisoned needles
 f - 2 curare-tipped needles
Armour
 c - a +0 robe (worn)
 d - a +0 cloak (worn)
Jewellery
 p - an uncursed ring of flight {unknown}
 r - a +3 ring of strength {unknown}
Scrolls
 h - 2 scrolls of immolation {unknown}
 j - 3 scrolls of teleportation {unknown}
 k - a scroll of fear {unknown}
 l - a scroll of remove curse {unknown}
 o - 3 scrolls of identify {unknown}
 t - a scroll of enchant armour {unknown}
 u - 2 scrolls of fog {unknown}
Potions
 i - a potion of invisibility {unknown}
 m - 4 potions of curing {unknown}
 n - a potion of mutation {unknown}
 q - a potion of flight {unknown}
 s - a potion of berserk rage {unknown}
Comestibles
 g - 6 rations


   Skills:
 + Level 2.7 Fighting
 + Level 2.8 Short Blades
 + Level 2.8 Throwing
 - Level 0.7 Dodging
 - Level 4.8 Stealth


You had 3 spell levels left.
You didn't know any spells.

Dungeon Overview and Level Annotations

Branches:
Dungeon (3/15)

Altars:

Annotations:
D:3 Ijyb


Innate Abilities, Weirdness & Mutations

You have extremely sharp teeth.
Your natural rate of healing is unusually fast.
When hurt, damage is shared between your health and your magic reserves.
Your bite disrupts and absorbs the magic of your enemies.
Potions cannot restore your health.
You are immune to rotting.


Message History

You climb downwards.
A frilled lizard comes into view.
Found 11 gold pieces.
There is a stone staircase leading up here.
The helpless frilled lizard fails to defend itself.
You impale the frilled lizard!!
You kill the frilled lizard!
Found 24 stones.
You now have 98 gold pieces (gained 11).
Found a stone staircase leading up.
Ijyb the Twisted Goblin comes into view.
She is wielding a club.
Found 15 arrows.
Ijyb shouts!
Found a ration and 26 sling bullets.
A rat and a goblin come into view.
You closely miss Ijyb.
Ijyb zaps a wand.
The bolt of acid hits you!
Ouch! That really hurt!
The acid corrodes you!
You are splashed with acid!
The acid burns!
Ouch! That really hurt!
You die...

#.# #.#
#.# #.#
#.# #.#
###.###.#
#.......#
###.###.#
#<# #.#
#.# #.#
#.# #@#
...r...g#
###.....#
###...#
...(.
......
(..%g..
####...##


You could see Ijyb, a goblin (wandering) and a rat (wandering).

Vanquished Creatures
  4 gnolls
  An adder (D:2)
  An ooze (D:1)
  A worm (D:2)
  A dart slug (D:1)
  4 giant cockroaches
  5 goblins
  5 hobgoblins
  3 bats
  2 frilled lizards
  4 kobolds
  2 rats
33 creatures vanquished.

Notes
Turn   | Place    | Note
-------+----------+-------------------------------------------
     0 | D:1      | KarmaPolice the Vine Stalker Assassin began the quest for the Orb.
     0 | D:1      | Reached XP level 1. HP: 11/11 MP: 2/2
   121 | D:1      | Reached XP level 2. HP: 15/15 MP: 3/3
   772 | D:1      | Reached XP level 3. HP: 11/18 MP: 2/4
  1215 | D:2      | Gained mutation: Your natural rate of healing is unusually fast. [Vine Stalker growth]
  1215 | D:2      | Reached XP level 4. HP: 19/23 MP: 3/5
  1857 | D:3      | Noticed Ijyb
  1862 | D:3      | Splashed by Ijyb's acid

Vault maps used:
D:1:      minmay_arrival_plants_in_alcoves
D:2:      first_ration, minmay_box_of_dots
D:3:      minitemple, due_unseen_surprise, uniq_crazy_yiuf_cottage, uniq_ijyb

Skill      XL: |  1 |
---------------+----+-----
Short Blades   | 2 |  2.8
Throwing       | 2 |  2.8
Fighting       | 2 |  2.7
Dodging        | |  0.7
Stealth        | |  4.8

Action                   |  1- 3 |  4- 6 || total
-------------------------+-------+-------++-------
Melee: Dagger            |    57 |    25 ||    82
       Bite              |    10 |     3 ||    13
 Fire: Blowgun           |     3 |       ||     3
 Stab: Sleeping          |     3 |     5 ||     8
  Eat: Chunk             |     1 |     2 ||     3
Armor: Robe              |    12 |     6 ||    18
Dodge: Dodged            |    38 |     4 ||    42

Table legend:
 A = Spawn XP
 B = Non-spawn XP
 C = Spawn XP percentage of total XP
 D = Spawn monster count
 E = Non-spawn monster count
 F = Spawn count percentage of total count
 G = Total turns spent on level
                    A         B        C        D         E        F      G
               +---------+---------+-------+---------+---------+-------+---------
         Total |       0 |     127 |   0.0 |       0 |      33 |   0.0 |  1862
               +---------+---------+-------+---------+---------+-------+---------
           D:1 |       0 |      40 |   0.0 |       0 |      12 |   0.0 |   921
           D:2 |       0 |      86 |   0.0 |       0 |      20 |   0.0 |   916
           D:3 |       0 |       1 |   0.0 |       0 |       1 |   0.0 |    25
               +---------+---------+-------+---------+---------+-------+---------
